NEW JERSEY vs DALLAS

Created - Sunday, October 22, 2017 at 19:01

Goals
1 2 3 T
NEW JERSEY 0 3 0 3
DALLAS 0 1 1 2
Shots
1 2 3 T
NEW JERSEY 11 11 12 34
DALLAS 2 11 9 22

1st period

No Goal

Penalties :
Jakob Chychrun (DAL) for Unsportsmanlike conduct (Minor) at 4:05, Timo Meier (DAL) for High sticking (Minor) at 6:10, Jakob Chychrun (DAL) for High sticking (Minor) at 15:13

2nd period

1. NEW JERSEY , Jake Guentzel 2 (Dougie Hamilton) at 4:49
2. NEW JERSEY , Evander Kane 2 (Mikael Granlund, Dmitry Orlov) at 16:11
3. DALLAS , Travis Konecny 1 (Vladimir Sobotka, Robert Bortuzzo) at 18:44
4. NEW JERSEY , Patric Hornqvist 1 (Dmitry Orlov, Ryan Kesler) at 19:44

Penalties :
Evander Kane (NJ ) for Elbowing (Minor) at 1:16

3rd period

5. DALLAS , David Desharnais 2 (Timo Meier, Pavel Zacha) at 13:01

Penalties :
Dmitry Orlov (NJ ) for Hooking (Minor) at 3:47, Brady Skjei (DAL) for Hooking (Minor) at 7:58, Tom Kuhnhackl (NJ ) for High sticking (Minor) at 15:13

Goalie Stats

Matt Murray (NJ ), 20 saves from 22 shots - (0.909), W, 2-2-0, 60:00 minutes
Anders Lindback (DAL), 31 saves from 34 shots - (0.912), L, 0-4-0, 59:00 minutes

Players Stats for NEW JERSEY

Player Name              G  A  P  +/- PIM S  H  SB GA TA FO     MP     PP MP  PK MP  
------------------------------------------------------------------------------------
Anders Lee               0  0  0   0  0   1  1  0  0  0  0/0    19:41   4:00   0:00 
Andrew Copp              0  0  0   1  0   0  1  0  0  0  0/0     5:05   0:00   0:00 
Anthony Duclair          0  0  0  -1  0   0  1  0  0  0  0/1    11:43   0:00   0:30 
Colin Miller             0  0  0  -1  0   0  1  3  0  0  0/0    14:26   0:00   0:49 
Dion Phaneuf             0  0  0   1  0   3  5  2  0  0  0/0    26:12   3:42   3:51 
Dmitry Orlov             0  2  2   1  2   4  1  0  0  0  0/0    19:21   4:14   1:17 
Dougie Hamilton          0  1  1   1  0   0  0  1  0  0  0/0    22:44   3:42   3:51 
Evander Kane             1  0  1   1  2   3  0  0  0  0  1/2    18:03   3:56   0:00 
Jake Guentzel            1  0  1   1  0   3  0  0  0  0  2/5     5:05   0:00   0:00 
Jake Muzzin              0  0  0   1  0   2  2  0  0  0  0/0    20:11   4:14   2:06 
Jeff Petry               0  0  0  -1  0   0  4  1  0  0  0/0    13:37   0:00   0:00 
Josh Anderson            0  0  0   1  0   1  1  0  0  0  0/0     5:05   0:00   0:00 
Mikael Granlund          0  1  1   1  0   5  0  0  0  0  8/17   22:08   3:56   4:04 
Patric Hornqvist         1  0  1   0  0   3  3  0  0  0  2/3    21:04   4:00   1:23 
Patrick Sharp            0  0  0   1  0   3  0  1  0  0  0/0    18:04   3:56   0:00 
Patrick Wiercioch        0  0  0   0  0   0  0  0  0  0  0/0     3:28   0:00   0:00 
Ryan Kesler              0  1  1   0  0   4  1  0  0  0  24/36  24:15   4:00   4:34 
Ryan Nugent-Hopkins      0  0  0  -1  0   2  0  0  0  0  10/14  12:36   0:00   1:23 
Tom Kuhnhackl            0  0  0  -1  2   0  2  0  0  0  0/0    11:12   0:00   0:00 

Players Stats for DALLAS

Player Name              G  A  P  +/- PIM S  H  SB GA TA FO     MP     PP MP  PK MP  
------------------------------------------------------------------------------------
Alex Tuch                0  0  0   0  0   0  0  0  0  0  0/0     0:30   0:00   0:22 
Alexander Radulov        0  0  0  -1  0   2  1  1  0  0  0/0    24:27   3:18   5:01 
Auston Matthews          0  0  0  -1  0   2  0  0  0  0  18/39  27:08   3:18   4:13 
Brady Skjei              0  0  0  -1  2   1  0  2  0  0  0/0    24:38   3:21   2:29 
Christian Fischer        0  0  0   0  0   0  0  0  0  0  0/0     3:47   0:00   0:00 
David Desharnais         1  0  1   1  0   2  0  0  0  0  4/11   12:29   0:00   0:00 
Derrick Pouliot          0  0  0   0  0   1  0  2  0  0  0/0    18:41   2:17   3:11 
J.T. Brown               0  0  0   0  0   0  0  0  0  0  0/0     0:18   0:00   0:00 
Jakob Chychrun           0  0  0   0  4   0  5  0  0  0  0/0    18:17   2:36   2:30 
Kasperi Kapanen          0  0  0  -1  0   1  0  0  0  0  0/0    16:22   2:39   0:00 
Lawson Crouse            0  0  0   0  0   1  0  0  0  0  0/0     3:54   0:00   0:07 
Mikko Rantanen           0  0  0  -1  0   0  0  0  0  0  3/4    22:04   3:18   2:38 
Nikita Zaitsev           0  0  0  -1  0   4  1  4  0  0  0/0    26:09   3:21   4:29 
Pavel Zacha              0  1  1   1  0   2  0  0  0  0  3/4    13:37   0:00   1:08 
Robert Bortuzzo          0  1  1   0  0   1  1  2  0  0  0/0    15:02   0:19   0:38 
Timo Meier               0  1  1   1  2   0  3  0  0  0  0/0    12:28   0:00   0:00 
Travis Konecny           1  0  1  -1  0   2  2  1  0  0  0/2    19:00   2:39   2:38 
Vladimir Sobotka         0  1  1  -1  0   3  2  0  0  0  3/18   16:29   2:39   0:07 
Yohann Auvitu            0  0  0   0  0   0  0  1  0  0  0/0    16:40   0:00   2:13 

3 Stars

1 - Patric Hornqvist (NJ )
2 - Jake Guentzel (NJ )
3 - David Desharnais (DAL)

Power Play

NEW JERSEY - 0 on 4 Attempt(s) - 0.00%
DALLAS - 0 on 3 Attempt(s) - 0.00%

Penalty Kill

NEW JERSEY - 3 on 3 Attempt(s) - 100.00% - Score 0 goal in Penalty Kill
DALLAS - 4 on 4 Attempt(s) - 100.00% - Score 0 goal in Penalty Kill

Team Stat

NEW JERSEY - Hits : 23 - Faceoff Wins : 47 - Blocked Shots : 8 - Penalty Minutes : 6
DALLAS - Hits : 15 - Faceoff Wins : 31 - Blocked Shots : 13 - Penalty Minutes : 8

Official

Referees : Unknown
Linesman : Unknown

Game Notes

No Game Note

Finance

Level 1 -- Attendance: 4533 (75.55%) -- Ticket Income $453,300
Level 2 -- Attendance: 2677 (53.54%) -- Ticket Income $214,160
Level 3 -- Attendance: 907 (45.35%) -- Ticket Income $54,420
Level 4 -- Attendance: 2329 (58.23%) -- Ticket Income $69,870
Luxury Box -- Attendance: 1000 (100.00%) -- Ticket Income $120,000
Game was played at the American Airlines Center.
Total Attendance: 11446 (63.59%)
Total Ticket Income: $911,750
Total Income: $911,750

NEW JERSEY

5 vs 5 Forward 
   Center                   Left Wing                Right Wing               Time % Phy DF OF 
 1 Ryan Kesler              Anders Lee               Patric Hornqvist         35     1   2  2  
 2 Mikael Granlund          Evander Kane             Patrick Sharp            30     1   2  2  
 3 Ryan Nugent-Hopkins      Anthony Duclair          Tom Kuhnhackl            25     1   2  2  
 4 Jake Guentzel            Josh Anderson            Andrew Copp              10     1   2  2  

5 vs 5 Defense 
   Defense                  Defense                                           Time % Phy DF OF 
 1 Dion Phaneuf             Dougie Hamilton                                   35     1   2  2  
 2 Jake Muzzin              Dmitry Orlov                                      30     1   2  2  
 3 Jeff Petry               Colin Miller                                      25     1   2  2  
 4 Patrick Wiercioch        Dion Phaneuf                                      10     1   2  2  

PowerPlay Forward 
   Center                   Left Wing                Right Wing               Time % Phy DF OF 
 1 Ryan Kesler              Anders Lee               Patric Hornqvist         60     1   2  2  
 2 Mikael Granlund          Evander Kane             Patrick Sharp            40     1   2  2  

PowerPlay Defense
   Defense                  Defense                                           Time % Phy DF OF 
 1 Dion Phaneuf             Dougie Hamilton                                   60     1   2  2  
 2 Jake Muzzin              Dmitry Orlov                                      40     1   2  2  

Penalty Kill 4 Players Forward 
   Center                   Wing                     Time % Phy DF OF 
 1 Ryan Kesler              Mikael Granlund          60     1   2  2  
 2 Ryan Nugent-Hopkins      Patric Hornqvist         40     1   2  2  

Penalty Kill 4 Players Defense
   Defense                  Defense                  Time % Phy DF OF 
 1 Dion Phaneuf             Dougie Hamilton          60     1   2  2  
 2 Jake Muzzin              Dmitry Orlov             40     1   2  2  

Penalty Kill - 3 Players Forward 
   Forward                                           Time % Phy DF OF 
 1 Ryan Kesler                                       60     1   2  2  
 2 Mikael Granlund                                   40     1   2  2  

Penalty Kill - 3 Players Defense
   Defense                  Defense                  Time % Phy DF OF 
 1 Dion Phaneuf             Dougie Hamilton          60     1   2  2  
 2 Jake Muzzin              Dmitry Orlov             40     1   2  2  

4 vs 4 Forward 
   Center                   Wing                     Time % Phy DF OF 
 1 Ryan Kesler              Mikael Granlund          60     1   2  2  
 2 Ryan Nugent-Hopkins      Patric Hornqvist         40     1   2  2  

4 vs 4 Defense
   Defense                  Defense                  Time % Phy DF OF 
 1 Dion Phaneuf             Dougie Hamilton          60     1   2  2  
 2 Jake Muzzin              Dmitry Orlov             40     1   2  2  

Last Minutes Offensive
   Center                   Left Wing                Right Wing               Defense                  Defense                  
   Ryan Kesler              Anders Lee               Patric Hornqvist         Dion Phaneuf             Dougie Hamilton          

Last Minutes Defensive
   Center                   Left Wing                Right Wing               Defense                  Defense                  
   Ryan Kesler              Anders Lee               Patric Hornqvist         Dion Phaneuf             Dougie Hamilton          

Goaltenders
Starting : Matt Murray              
Backup : Jonathan Bernier         

Extra Forwards
Normal : Andrew Copp, Jake Guentzel, Tom Kuhnhackl - PP : Andrew Copp, Jake Guentzel - PK : Tom Kuhnhackl
Extra Defensemen
Normal : Jeff Petry, Colin Miller, Patrick Wiercioch - PP : Jeff Petry - PK : Colin Miller, Patrick Wiercioch
Penalty Shots
Ryan Kesler, Mikael Granlund, Ryan Nugent-Hopkins, Patric Hornqvist, Anders Lee

DALLAS

5 vs 5 Forward 
   Center                   Left Wing                Right Wing               Time % Phy DF OF 
 1 Auston Matthews          Mikko Rantanen           Alexander Radulov        35     1   2  2  
 2 Vladimir Sobotka         Travis Konecny           Kasperi Kapanen          30     1   2  2  
 3 David Desharnais         Pavel Zacha              Timo Meier               25     1   2  2  
 4 Auston Matthews          Lawson Crouse            Christian Fischer        10     1   2  2  

5 vs 5 Defense 
   Defense                  Defense                                           Time % Phy DF OF 
 1 Nikita Zaitsev           Brady Skjei                                       35     1   2  2  
 2 Jakob Chychrun           Derrick Pouliot                                   30     1   2  2  
 3 Robert Bortuzzo          Yohann Auvitu                                     25     1   2  2  
 4 Nikita Zaitsev           Brady Skjei                                       10     1   2  2  

PowerPlay Forward 
   Center                   Left Wing                Right Wing               Time % Phy DF OF 
 1 Auston Matthews          Mikko Rantanen           Alexander Radulov        60     1   2  2  
 2 Vladimir Sobotka         Travis Konecny           Kasperi Kapanen          40     1   2  2  

PowerPlay Defense
   Defense                  Defense                                           Time % Phy DF OF 
 1 Nikita Zaitsev           Brady Skjei                                       60     1   2  2  
 2 Jakob Chychrun           Derrick Pouliot                                   40     1   2  2  

Penalty Kill 4 Players Forward 
   Center                   Wing                     Time % Phy DF OF 
 1 Auston Matthews          Alexander Radulov        60     1   2  2  
 2 Mikko Rantanen           Travis Konecny           40     1   2  2  

Penalty Kill 4 Players Defense
   Defense                  Defense                  Time % Phy DF OF 
 1 Nikita Zaitsev           Brady Skjei              60     1   2  2  
 2 Jakob Chychrun           Derrick Pouliot          40     1   2  2  

Penalty Kill - 3 Players Forward 
   Forward                                           Time % Phy DF OF 
 1 Auston Matthews                                   60     1   2  2  
 2 Alexander Radulov                                 40     1   2  2  

Penalty Kill - 3 Players Defense
   Defense                  Defense                  Time % Phy DF OF 
 1 Nikita Zaitsev           Brady Skjei              60     1   2  2  
 2 Jakob Chychrun           Derrick Pouliot          40     1   2  2  

4 vs 4 Forward 
   Center                   Wing                     Time % Phy DF OF 
 1 Auston Matthews          Alexander Radulov        60     1   2  2  
 2 Mikko Rantanen           Travis Konecny           40     1   2  2  

4 vs 4 Defense
   Defense                  Defense                  Time % Phy DF OF 
 1 Nikita Zaitsev           Brady Skjei              60     1   2  2  
 2 Jakob Chychrun           Derrick Pouliot          40     1   2  2  

Last Minutes Offensive
   Center                   Left Wing                Right Wing               Defense                  Defense                  
   Auston Matthews          Mikko Rantanen           Alexander Radulov        Nikita Zaitsev           Brady Skjei              

Last Minutes Defensive
   Center                   Left Wing                Right Wing               Defense                  Defense                  
   Auston Matthews          Mikko Rantanen           Alexander Radulov        Nikita Zaitsev           Brady Skjei              

Goaltenders
Starting : Anders Lindback          
Backup : Andrew Hammond           

Extra Forwards
Normal : J.T. Brown, Alex Tuch, Pavel Zacha - PP : J.T. Brown, Alex Tuch - PK : Pavel Zacha
Extra Defensemen
Normal : Robert Bortuzzo, Yohann Auvitu, Jakob Chychrun - PP : Robert Bortuzzo - PK : Yohann Auvitu, Jakob Chychrun
Penalty Shots
Auston Matthews, Alexander Radulov, Mikko Rantanen, Travis Konecny, Pavel Zacha

% Time on Ice - NEW JERSEY

Lines # - Real PCT - Wanted PCT - Time Play
Normal Forward
1 - 33% - 35% - 15:18
2 - 31% - 30% - 14:08
3 - 25% - 25% - 11:13
4 - 11% - 10% - 5:05
Normal Defense
1 - 33% - 35% - 15:11
2 - 30% - 30% - 13:51
3 - 29% - 25% - 13:14
4 - 8% - 10% - 3:28
PP Forward
1 - 50% - 60% - 4:00
2 - 50% - 40% - 3:56
PP Defense
1 - 47% - 60% - 3:42
2 - 53% - 40% - 4:14
PK Forward
1 - 77% - 60% - 4:34
2 - 23% - 40% - 1:23
PK Defense
1 - 65% - 60% - 3:51
2 - 35% - 40% - 2:06
PK3 Forward
1 - 0% - 60%
2 - 0% - 40%
PK3 Defense
1 - 0% - 60%
2 - 0% - 40%
44 Forward
1 - 0% - 60%
2 - 0% - 40%
44 Defense
1 - 0% - 60%
2 - 0% - 40%
Last Minute Offensive  - 0:00
Last Minute Defensive  - 0:23
Total
Forward - 60:00
Defense - 60:00

% Time on Ice - DALLAS

Lines # - Real PCT - Wanted PCT - Time Play
Normal Forward
1 - 35% - 35% - 16:08
2 - 30% - 30% - 13:43
3 - 27% - 25% - 12:29
4 - 8% - 10% - 3:47
Normal Defense
1 - 34% - 35% - 15:54
2 - 29% - 30% - 13:13
3 - 31% - 25% - 14:05
4 - 6% - 10% - 2:55
PP Forward
1 - 55% - 60% - 3:18
2 - 45% - 40% - 2:39
PP Defense
1 - 56% - 60% - 3:21
2 - 44% - 40% - 2:36
PK Forward
1 - 67% - 60% - 5:18
2 - 33% - 40% - 2:38
PK Defense
1 - 55% - 60% - 4:20
2 - 45% - 40% - 3:36
PK3 Forward
1 - 0% - 60%
2 - 0% - 40%
PK3 Defense
1 - 0% - 60%
2 - 0% - 40%
44 Forward
1 - 0% - 60%
2 - 0% - 40%
44 Defense
1 - 0% - 60%
2 - 0% - 40%
Last Minute Offensive  - 0:00
Last Minute Defensive  - 0:00
Total
Forward - 60:00
Defense - 60:00

Play by Play

1st period


0:01 of 1st period - Ryan Kesler wins face-off versus Auston Matthews in neutral zone.
0:01 of 1st period - Dougie Hamilton is hit by Alexander Radulov and loses puck.
0:16 of 1st period - Dougie Hamilton is hit by Nikita Zaitsev and loses puck.
0:52 of 1st period - Icing by Dion Phaneuf.
0:53 of 1st period - Ryan Kesler wins face-off versus David Desharnais in NEW JERSEY zone.
1:12 of 1st period - Shot by Mikael Granlund.
1:12 of 1st period - Stopped by Anders Lindback with a rebound.
2:28 of 1st period - Shot by Jakob Chychrun.
2:28 of 1st period - Shot Blocked by Jeff Petry.
2:38 of 1st period - Vladimir Sobotka is hit by Tom Kuhnhackl and loses puck.
2:55 of 1st period - Shot by Travis Konecny.
2:55 of 1st period - Shot Blocked by Colin Miller.
3:11 of 1st period - Shot by Auston Matthews.
3:11 of 1st period - Deflect By Lawson Crouse.
3:11 of 1st period - Shot Misses the Net.
3:13 of 1st period - Shot by Christian Fischer.
3:13 of 1st period - Shot Misses the Net.
3:15 of 1st period - Shot by Lawson Crouse.
3:15 of 1st period - Shot Misses the Net.
4:02 of 1st period - Shot by Jake Guentzel.
4:02 of 1st period - Stopped by Anders Lindback without a rebound.
4:03 of 1st period - Evander Kane wins face-off versus Auston Matthews in DALLAS zone.
4:05 of 1st period - Minor Penalty to Jakob Chychrun for Unsportsmanlike conduct.
4:06 of 1st period - Ryan Kesler wins face-off versus Auston Matthews in DALLAS zone.
4:19 of 1st period - Shot by Anders Lee.
4:19 of 1st period - Shot Misses the Net.
5:11 of 1st period - Shot by Dmitry Orlov.
5:11 of 1st period - Shot Misses the Net.
5:13 of 1st period - Shot by Dmitry Orlov.
5:13 of 1st period - Shot Blocked by Derrick Pouliot.
5:25 of 1st period - Shot by Evander Kane.
5:25 of 1st period - Shot Hit the Post.
6:10 of 1st period - Minor Penalty to Timo Meier for High sticking.
6:11 of 1st period - Mikko Rantanen wins face-off versus Mikael Granlund in DALLAS zone.
7:19 of 1st period - Pavel Zacha is hit by Patric Hornqvist.
7:30 of 1st period - Off-side.
7:31 of 1st period - Mikael Granlund wins face-off versus Auston Matthews in neutral zone.
7:36 of 1st period - Shot by Dmitry Orlov.
7:36 of 1st period - Stopped by Anders Lindback without a rebound.
7:37 of 1st period - Mikael Granlund wins face-off versus Mikko Rantanen in DALLAS zone.
7:42 of 1st period - Shot by Dmitry Orlov.
7:42 of 1st period - Shot Blocked by Travis Konecny.
8:24 of 1st period - David Desharnais is hit by Jeff Petry and loses puck.
8:29 of 1st period - Shot by Timo Meier.
8:29 of 1st period - Shot Misses the Net.
8:31 of 1st period - Shot by Robert Bortuzzo.
8:31 of 1st period - Stopped by Matt Murray without a rebound.
8:32 of 1st period - Ryan Nugent-Hopkins wins face-off versus Vladimir Sobotka in NEW JERSEY zone.
8:57 of 1st period - Shot by Vladimir Sobotka.
8:57 of 1st period - Stopped by Matt Murray with a rebound.
9:05 of 1st period - Shot by Tom Kuhnhackl.
9:05 of 1st period - Deflect By Anthony Duclair.
9:05 of 1st period - Shot Misses the Net.
9:20 of 1st period - Icing by Jakob Chychrun.
9:21 of 1st period - Ryan Kesler wins face-off versus Vladimir Sobotka in DALLAS zone.
9:28 of 1st period - Shot by Ryan Kesler.
9:28 of 1st period - Stopped by Anders Lindback without a rebound.
9:29 of 1st period - Auston Matthews wins face-off versus Ryan Kesler in DALLAS zone.
9:53 of 1st period - Shot by Anders Lee.
9:53 of 1st period - Shot Blocked by Nikita Zaitsev.
10:20 of 1st period - Icing by Jake Muzzin.
10:21 of 1st period - Ryan Kesler wins face-off versus David Desharnais in NEW JERSEY zone.
10:38 of 1st period - Shot by Evander Kane.
10:38 of 1st period - Shot Blocked by Robert Bortuzzo.
10:40 of 1st period - Shot by Dion Phaneuf.
10:40 of 1st period - Stopped by Anders Lindback with a rebound.
10:42 of 1st period - Shot by Dion Phaneuf.
10:42 of 1st period - Stopped by Anders Lindback without a rebound.
10:43 of 1st period - Vladimir Sobotka wins face-off versus Jake Guentzel in DALLAS zone.
11:10 of 1st period - Shot by Jake Guentzel.
11:10 of 1st period - Deflect By Josh Anderson.
11:10 of 1st period - Stopped by Anders Lindback without a rebound.
11:11 of 1st period - Auston Matthews wins face-off versus Mikael Granlund in DALLAS zone.
11:13 of 1st period - Icing by Brady Skjei.
11:14 of 1st period - Auston Matthews wins face-off versus Mikael Granlund in DALLAS zone.
11:34 of 1st period - Shot by Alexander Radulov.
11:34 of 1st period - Shot Misses the Net.
12:56 of 1st period - Jake Muzzin is hit by Timo Meier and loses puck.
13:16 of 1st period - Off-side.
13:17 of 1st period - Auston Matthews wins face-off versus Ryan Nugent-Hopkins in neutral zone.
13:21 of 1st period - Nikita Zaitsev is hit by Colin Miller and loses puck.
13:55 of 1st period - Auston Matthews is hit by Jeff Petry and loses puck.
15:12 of 1st period - Mikael Granlund is hit by Jakob Chychrun and loses puck.
15:13 of 1st period - Minor Penalty to Jakob Chychrun for High sticking.
15:14 of 1st period - Ryan Kesler wins face-off versus Auston Matthews in DALLAS zone.
15:19 of 1st period - Shot by Ryan Kesler.
15:19 of 1st period - Shot Misses the Net.
15:21 of 1st period - Shot by Anders Lee.
15:21 of 1st period - Stopped by Anders Lindback without a rebound.
15:22 of 1st period - Auston Matthews wins face-off versus Ryan Kesler in DALLAS zone.
15:39 of 1st period - Shot by Dmitry Orlov.
15:39 of 1st period - Stopped by Anders Lindback without a rebound.
15:40 of 1st period - Auston Matthews wins face-off versus Mikael Granlund in DALLAS zone.
16:45 of 1st period - Shot by Dmitry Orlov.
16:45 of 1st period - Shot Blocked by Brady Skjei.
16:57 of 1st period - Shot by Jake Muzzin.
16:57 of 1st period - Stopped by Anders Lindback without a rebound.
16:58 of 1st period - Mikko Rantanen wins face-off versus Ryan Kesler in DALLAS zone.
18:01 of 1st period - Nikita Zaitsev is hit by Anthony Duclair and loses puck.
18:14 of 1st period - Shot by Patrick Sharp.
18:14 of 1st period - Deflect By Mikael Granlund.
18:14 of 1st period - Stopped by Anders Lindback without a rebound.
18:15 of 1st period - Ryan Kesler wins face-off versus Auston Matthews in DALLAS zone.
18:16 of 1st period - Shot by Anders Lee.
18:16 of 1st period - Deflect By Patric Hornqvist.
18:16 of 1st period - Shot Misses the Net.
18:27 of 1st period - Icing by Robert Bortuzzo.
18:28 of 1st period - Auston Matthews wins face-off versus Mikael Granlund in DALLAS zone.
18:44 of 1st period - Shot by Auston Matthews.
18:44 of 1st period - Shot Blocked by Dougie Hamilton.
18:46 of 1st period - Shot by Auston Matthews.
18:46 of 1st period - Shot Misses the Net.
18:48 of 1st period - Shot by Robert Bortuzzo.
18:48 of 1st period - Shot Misses the Net.
19:49 of 1st period - Shot by Travis Konecny.
19:49 of 1st period - Shot Misses the Net.
Goals for this period are 0 for NEW JERSEY vs 0 for DALLAS.
Shots for this period are 11 for NEW JERSEY vs 2 for DALLAS.

2nd period


0:01 of 2nd period - Ryan Kesler wins face-off versus Auston Matthews in neutral zone.
0:27 of 2nd period - Alexander Radulov is hit by Dmitry Orlov and loses puck.
1:16 of 2nd period - Minor Penalty to Evander Kane for Elbowing.
1:17 of 2nd period - Ryan Kesler wins face-off versus Vladimir Sobotka in NEW JERSEY zone.
1:27 of 2nd period - Off-side.
1:28 of 2nd period - Ryan Kesler wins face-off versus Auston Matthews in neutral zone.
1:34 of 2nd period - Icing by Mikko Rantanen.
1:35 of 2nd period - Auston Matthews wins face-off versus Ryan Kesler in DALLAS zone.
1:52 of 2nd period - Shot by Nikita Zaitsev.
1:52 of 2nd period - Stopped by Matt Murray without a rebound.
1:53 of 2nd period - Ryan Kesler wins face-off versus Vladimir Sobotka in NEW JERSEY zone.
2:02 of 2nd period - Shot by Ryan Kesler.
2:02 of 2nd period - Stopped by Anders Lindback without a rebound.
2:03 of 2nd period - Auston Matthews wins face-off versus Ryan Kesler in DALLAS zone.
2:20 of 2nd period - Shot by Brady Skjei.
2:20 of 2nd period - Stopped by Matt Murray without a rebound.
2:21 of 2nd period - Ryan Kesler wins face-off versus Vladimir Sobotka in NEW JERSEY zone.
2:36 of 2nd period - Shot by Kasperi Kapanen.
2:36 of 2nd period - Stopped by Matt Murray without a rebound.
2:37 of 2nd period - Auston Matthews wins face-off versus Ryan Kesler in NEW JERSEY zone.
2:56 of 2nd period - Shot by Nikita Zaitsev.
2:56 of 2nd period - Stopped by Matt Murray with a rebound.
3:04 of 2nd period - Shot by Nikita Zaitsev.
3:04 of 2nd period - Shot Blocked by Dion Phaneuf.
3:06 of 2nd period - Shot by Auston Matthews.
3:06 of 2nd period - Shot Misses the Net.
3:08 of 2nd period - Shot by Nikita Zaitsev.
3:08 of 2nd period - Shot Misses the Net.
3:56 of 2nd period - Shot by Kasperi Kapanen.
3:56 of 2nd period - Shot Misses the Net.
4:23 of 2nd period - Off-side.
4:24 of 2nd period - Jake Guentzel wins face-off versus Auston Matthews in neutral zone.
4:47 of 2nd period - Shot by Jake Guentzel.
4:47 of 2nd period - Stopped by Anders Lindback with a rebound.
4:49 of 2nd period - Shot by Jake Guentzel.
4:49 of 2nd period - Goal by Jake Guentzel - NEW JERSEY : 1 - DALLAS : 0.
4:50 of 2nd period - Patric Hornqvist wins face-off versus David Desharnais in neutral zone.
5:01 of 2nd period - Shot by Ryan Kesler.
5:01 of 2nd period - Shot Blocked by Yohann Auvitu.
5:03 of 2nd period - Shot by Jeff Petry.
5:03 of 2nd period - Shot Misses the Net.
5:05 of 2nd period - Shot by Patric Hornqvist.
5:05 of 2nd period - Shot Misses the Net.
5:42 of 2nd period - Icing by Brady Skjei.
5:43 of 2nd period - Mikael Granlund wins face-off versus Auston Matthews in DALLAS zone.
5:46 of 2nd period - Shot by Evander Kane.
5:46 of 2nd period - Shot Misses the Net.
5:53 of 2nd period - Alexander Radulov is hit by Dion Phaneuf and loses puck.
5:58 of 2nd period - Shot by Auston Matthews.
5:58 of 2nd period - Shot Hit the Post.
6:28 of 2nd period - Shot by Evander Kane.
6:28 of 2nd period - Shot Misses the Net.
6:33 of 2nd period - Alexander Radulov is hit by Dion Phaneuf.
6:47 of 2nd period - Off-side.
6:48 of 2nd period - Jake Guentzel wins face-off versus Travis Konecny in neutral zone.
6:50 of 2nd period - Dmitry Orlov is hit by Vladimir Sobotka and loses puck.
6:55 of 2nd period - Shot by Jakob Chychrun.
6:55 of 2nd period - Deflect By Travis Konecny.
6:55 of 2nd period - Stopped by Matt Murray with a rebound.
7:05 of 2nd period - Travis Konecny is hit by Jake Muzzin.
7:11 of 2nd period - Shot by Derrick Pouliot.
7:11 of 2nd period - Stopped by Matt Murray without a rebound.
7:12 of 2nd period - Ryan Kesler wins face-off versus David Desharnais in NEW JERSEY zone.
7:16 of 2nd period - Icing by Patric Hornqvist.
7:17 of 2nd period - Ryan Kesler wins face-off versus David Desharnais in NEW JERSEY zone.
7:37 of 2nd period - Timo Meier is hit by Patric Hornqvist.
7:53 of 2nd period - Shot by Anders Lee.
7:53 of 2nd period - Shot Misses the Net.
8:08 of 2nd period - Icing by Anders Lee.
8:09 of 2nd period - Auston Matthews wins face-off versus Ryan Kesler in NEW JERSEY zone.
8:09 of 2nd period - Auston Matthews is hit by Jeff Petry.
8:13 of 2nd period - Shot by Alexander Radulov.
8:13 of 2nd period - Stopped by Matt Murray without a rebound.
8:14 of 2nd period - Mikael Granlund wins face-off versus Auston Matthews in NEW JERSEY zone.
8:57 of 2nd period - Shot by Evander Kane.
8:57 of 2nd period - Stopped by Anders Lindback with a rebound.
9:19 of 2nd period - Shot by Ryan Nugent-Hopkins.
9:19 of 2nd period - Deflect By Anthony Duclair.
9:19 of 2nd period - Shot Blocked by Alexander Radulov.
9:21 of 2nd period - Shot by Tom Kuhnhackl.
9:21 of 2nd period - Shot Misses the Net.
9:23 of 2nd period - Shot by Ryan Nugent-Hopkins.
9:23 of 2nd period - Shot Misses the Net.
9:25 of 2nd period - Shot by Dougie Hamilton.
9:25 of 2nd period - Shot Blocked by Nikita Zaitsev.
9:59 of 2nd period - Shot by Ryan Kesler.
9:59 of 2nd period - Stopped by Anders Lindback without a rebound.
10:00 of 2nd period - Ryan Kesler wins face-off versus Vladimir Sobotka in DALLAS zone.
10:25 of 2nd period - Off-side.
10:26 of 2nd period - David Desharnais wins face-off versus Mikael Granlund in neutral zone.
10:31 of 2nd period - Shot by Pavel Zacha.
10:31 of 2nd period - Shot Blocked by Patrick Sharp.
10:34 of 2nd period - Icing by Jake Muzzin.
10:35 of 2nd period - Mikael Granlund wins face-off versus David Desharnais in NEW JERSEY zone.
10:35 of 2nd period - Mikael Granlund is hit by Timo Meier.
11:02 of 2nd period - Evander Kane is hit by Robert Bortuzzo.
12:17 of 2nd period - Icing by Dion Phaneuf.
12:18 of 2nd period - Ryan Kesler wins face-off versus Auston Matthews in NEW JERSEY zone.
12:35 of 2nd period - Shot by Anders Lee.
12:35 of 2nd period - Shot Blocked by Nikita Zaitsev.
12:44 of 2nd period - Nikita Zaitsev is hit by Jeff Petry and loses puck.
12:48 of 2nd period - Icing by Jeff Petry.
12:49 of 2nd period - Ryan Nugent-Hopkins wins face-off versus David Desharnais in NEW JERSEY zone.
13:11 of 2nd period - Shot by Pavel Zacha.
13:11 of 2nd period - Shot Blocked by Colin Miller.
13:27 of 2nd period - Ryan Nugent-Hopkins is hit by Timo Meier and loses puck.
13:59 of 2nd period - Shot by Mikael Granlund.
13:59 of 2nd period - Stopped by Anders Lindback with a rebound.
14:13 of 2nd period - Shot by Dmitry Orlov.
14:13 of 2nd period - Shot Misses the Net.
14:15 of 2nd period - Shot by Jake Muzzin.
14:15 of 2nd period - Shot Misses the Net.
14:50 of 2nd period - Icing by Anders Lee.
14:51 of 2nd period - Auston Matthews wins face-off versus Ryan Kesler in NEW JERSEY zone.
14:52 of 2nd period - Shot by Nikita Zaitsev.
14:52 of 2nd period - Stopped by Matt Murray with a rebound.
14:59 of 2nd period - Icing by Patric Hornqvist.
15:00 of 2nd period - Patric Hornqvist wins face-off versus Vladimir Sobotka in NEW JERSEY zone.
15:38 of 2nd period - Shot by Vladimir Sobotka.
15:38 of 2nd period - Shot Misses the Net.
16:03 of 2nd period - Shot by Mikael Granlund.
16:03 of 2nd period - Shot Misses the Net.
16:05 of 2nd period - Shot by Dmitry Orlov.
16:05 of 2nd period - Stopped by Anders Lindback with a rebound.
16:07 of 2nd period - Shot by Mikael Granlund.
16:07 of 2nd period - Stopped by Anders Lindback with a rebound.
16:11 of 2nd period - Shot by Mikael Granlund.
16:11 of 2nd period - Deflect By Evander Kane.
16:11 of 2nd period - Goal by Evander Kane - NEW JERSEY : 2 - DALLAS : 0.
16:12 of 2nd period - Mikko Rantanen wins face-off versus Jake Guentzel in neutral zone.
16:27 of 2nd period - Nikita Zaitsev is hit by Andrew Copp.
16:39 of 2nd period - Shot by Mikko Rantanen.
16:39 of 2nd period - Shot Blocked by Colin Miller.
16:41 of 2nd period - Shot by Auston Matthews.
16:41 of 2nd period - Stopped by Matt Murray with a rebound.
16:43 of 2nd period - Shot by Nikita Zaitsev.
16:43 of 2nd period - Shot Misses the Net.
17:09 of 2nd period - Shot by Lawson Crouse.
17:09 of 2nd period - Stopped by Matt Murray without a rebound.
17:10 of 2nd period - Mikael Granlund wins face-off versus Auston Matthews in NEW JERSEY zone.
17:20 of 2nd period - Icing by Dion Phaneuf.
17:21 of 2nd period - David Desharnais wins face-off versus Evander Kane in NEW JERSEY zone.
17:58 of 2nd period - Shot by Patrick Sharp.
17:58 of 2nd period - Stopped by Anders Lindback with a rebound.
18:44 of 2nd period - Shot by Travis Konecny.
18:44 of 2nd period - Goal by Travis Konecny - NEW JERSEY : 2 - DALLAS : 1.
18:45 of 2nd period - Auston Matthews wins face-off versus Anthony Duclair in neutral zone.
19:01 of 2nd period - Shot by Ryan Nugent-Hopkins.
19:01 of 2nd period - Shot Misses the Net.
19:09 of 2nd period - Shot by Ryan Nugent-Hopkins.
19:09 of 2nd period - Shot Blocked by Derrick Pouliot.
19:14 of 2nd period - Tom Kuhnhackl is hit by Jakob Chychrun and loses puck.
19:21 of 2nd period - Shot by Tom Kuhnhackl.
19:21 of 2nd period - Shot Misses the Net.
19:38 of 2nd period - Icing by Jake Muzzin.
19:39 of 2nd period - Ryan Kesler wins face-off versus Vladimir Sobotka in NEW JERSEY zone.
19:39 of 2nd period - Ryan Kesler is hit by Travis Konecny.
19:42 of 2nd period - Dmitry Orlov is hit by Vladimir Sobotka.
19:44 of 2nd period - Shot by Patric Hornqvist.
19:44 of 2nd period - Goal by Patric Hornqvist - NEW JERSEY : 3 - DALLAS : 1.
19:45 of 2nd period - Ryan Kesler wins face-off versus Vladimir Sobotka in neutral zone.
19:57 of 2nd period - Nikita Zaitsev is hit by Dion Phaneuf and loses puck.
Goals for this period are 3 for NEW JERSEY vs 1 for DALLAS.
Shots for this period are 11 for NEW JERSEY vs 11 for DALLAS.

3rd period


0:01 of 3rd period - Ryan Kesler wins face-off versus Auston Matthews in neutral zone.
0:04 of 3rd period - Shot by Patric Hornqvist.
0:04 of 3rd period - Stopped by Anders Lindback without a rebound.
0:05 of 3rd period - Auston Matthews wins face-off versus Ryan Kesler in DALLAS zone.
0:05 of 3rd period - Auston Matthews is hit by Patric Hornqvist.
0:20 of 3rd period - Alexander Radulov is hit by Ryan Kesler and loses puck.
2:10 of 3rd period - Shot by David Desharnais.
2:10 of 3rd period - Stopped by Matt Murray without a rebound.
2:11 of 3rd period - Ryan Nugent-Hopkins wins face-off versus Auston Matthews in NEW JERSEY zone.
2:13 of 3rd period - Icing by Jeff Petry.
2:14 of 3rd period - Ryan Nugent-Hopkins wins face-off versus Auston Matthews in NEW JERSEY zone.
2:33 of 3rd period - Shot by Ryan Nugent-Hopkins.
2:33 of 3rd period - Shot Misses the Net.
3:16 of 3rd period - Shot by Mikael Granlund.
3:16 of 3rd period - Shot Misses the Net.
3:18 of 3rd period - Shot by Jake Muzzin.
3:18 of 3rd period - Shot Misses the Net.
3:20 of 3rd period - Shot by Patrick Sharp.
3:20 of 3rd period - Stopped by Anders Lindback without a rebound.
3:21 of 3rd period - Vladimir Sobotka wins face-off versus Jake Guentzel in DALLAS zone.
3:21 of 3rd period - Travis Konecny is hit by Josh Anderson and loses puck.
3:38 of 3rd period - Shot by Travis Konecny.
3:38 of 3rd period - Shot Hit the Post.
3:40 of 3rd period - Shot by Kasperi Kapanen.
3:40 of 3rd period - Shot Misses the Net.
3:43 of 3rd period - Kasperi Kapanen is hit by Jake Muzzin and loses puck.
3:47 of 3rd period - Minor Penalty to Dmitry Orlov for Hooking.
3:48 of 3rd period - Ryan Kesler wins face-off versus Vladimir Sobotka in NEW JERSEY zone.
5:02 of 3rd period - Icing by Kasperi Kapanen.
5:03 of 3rd period - Ryan Nugent-Hopkins wins face-off versus Vladimir Sobotka in DALLAS zone.
5:04 of 3rd period - Shot by Jake Muzzin.
5:04 of 3rd period - Stopped by Anders Lindback with a rebound.
5:12 of 3rd period - Shot by Vladimir Sobotka.
5:12 of 3rd period - Stopped by Matt Murray without a rebound.
5:13 of 3rd period - Ryan Nugent-Hopkins wins face-off versus Auston Matthews in NEW JERSEY zone.
5:26 of 3rd period - Shot by Auston Matthews.
5:26 of 3rd period - Stopped by Matt Murray with a rebound.
5:28 of 3rd period - Shot by Nikita Zaitsev.
5:28 of 3rd period - Stopped by Matt Murray without a rebound.
5:29 of 3rd period - Ryan Nugent-Hopkins wins face-off versus Vladimir Sobotka in NEW JERSEY zone.
5:49 of 3rd period - Shot by Pavel Zacha.
5:49 of 3rd period - Stopped by Matt Murray without a rebound.
5:50 of 3rd period - Ryan Nugent-Hopkins wins face-off versus Auston Matthews in NEW JERSEY zone.
6:13 of 3rd period - Shot by Dion Phaneuf.
6:13 of 3rd period - Shot Blocked by Robert Bortuzzo.
6:43 of 3rd period - Auston Matthews is hit by Tom Kuhnhackl and loses puck.
7:58 of 3rd period - Minor Penalty to Brady Skjei for Hooking.
7:59 of 3rd period - Pavel Zacha wins face-off versus Mikael Granlund in DALLAS zone.
8:07 of 3rd period - Off-side.
8:08 of 3rd period - Mikael Granlund wins face-off versus Pavel Zacha in neutral zone.
8:10 of 3rd period - Off-side.
8:11 of 3rd period - Pavel Zacha wins face-off versus Mikael Granlund in neutral zone.
9:08 of 3rd period - Shot by Dmitry Orlov.
9:08 of 3rd period - Stopped by Anders Lindback without a rebound.
9:09 of 3rd period - Auston Matthews wins face-off versus Ryan Kesler in DALLAS zone.
10:09 of 3rd period - Shot by Jake Guentzel.
10:09 of 3rd period - Shot Misses the Net.
10:27 of 3rd period - Shot by Pavel Zacha.
10:27 of 3rd period - Stopped by Matt Murray without a rebound.
10:28 of 3rd period - Mikael Granlund wins face-off versus Vladimir Sobotka in NEW JERSEY zone.
10:42 of 3rd period - Icing by Jakob Chychrun.
10:43 of 3rd period - Ryan Nugent-Hopkins wins face-off versus Vladimir Sobotka in DALLAS zone.
10:43 of 3rd period - Tom Kuhnhackl is hit by Jakob Chychrun and loses puck.
10:52 of 3rd period - Shot by Tom Kuhnhackl.
10:52 of 3rd period - Shot Misses the Net.
10:54 of 3rd period - Shot by Ryan Nugent-Hopkins.
10:54 of 3rd period - Stopped by Anders Lindback with a rebound.
11:09 of 3rd period - Icing by Dion Phaneuf.
11:10 of 3rd period - Ryan Nugent-Hopkins wins face-off versus Auston Matthews in NEW JERSEY zone.
11:17 of 3rd period - Shot by Dion Phaneuf.
11:17 of 3rd period - Stopped by Anders Lindback without a rebound.
11:18 of 3rd period - Auston Matthews wins face-off versus Patric Hornqvist in DALLAS zone.
11:18 of 3rd period - Auston Matthews is hit by Anders Lee.
12:38 of 3rd period - Dion Phaneuf is hit by Travis Konecny.
12:55 of 3rd period - Off-side.
12:56 of 3rd period - Pavel Zacha wins face-off versus Ryan Nugent-Hopkins in neutral zone.
13:01 of 3rd period - Shot by David Desharnais.
13:01 of 3rd period - Goal by David Desharnais - NEW JERSEY : 3 - DALLAS : 2.
13:02 of 3rd period - David Desharnais wins face-off versus Ryan Nugent-Hopkins in neutral zone.
13:07 of 3rd period - Icing by Jeff Petry.
13:08 of 3rd period - David Desharnais wins face-off versus Ryan Nugent-Hopkins in NEW JERSEY zone.
13:21 of 3rd period - Shot by Ryan Nugent-Hopkins.
13:21 of 3rd period - Stopped by Anders Lindback without a rebound.
13:22 of 3rd period - Ryan Kesler wins face-off versus Auston Matthews in DALLAS zone.
13:50 of 3rd period - Icing by Dion Phaneuf.
13:51 of 3rd period - Vladimir Sobotka wins face-off versus Ryan Kesler in NEW JERSEY zone.
14:01 of 3rd period - Travis Konecny is hit by Dion Phaneuf and loses puck.
14:13 of 3rd period - Anders Lee is hit by Jakob Chychrun and loses puck.
14:44 of 3rd period - Shot by Mikael Granlund.
14:44 of 3rd period - Stopped by Anders Lindback with a rebound.
14:48 of 3rd period - Shot by Patrick Sharp.
14:48 of 3rd period - Stopped by Anders Lindback with a rebound.
14:50 of 3rd period - Shot by Evander Kane.
14:50 of 3rd period - Shot Misses the Net.
14:52 of 3rd period - Shot by Evander Kane.
14:52 of 3rd period - Shot Blocked by Brady Skjei.
14:54 of 3rd period - Shot by Mikael Granlund.
14:54 of 3rd period - Deflect By Evander Kane.
14:54 of 3rd period - Stopped by Anders Lindback with a rebound.
15:04 of 3rd period - Shot by Evander Kane.
15:04 of 3rd period - Shot Misses the Net.
15:06 of 3rd period - Shot by Evander Kane.
15:06 of 3rd period - Shot Hit the Post.
15:13 of 3rd period - Minor Penalty to Tom Kuhnhackl for High sticking.
15:14 of 3rd period - Ryan Kesler wins face-off versus Vladimir Sobotka in NEW JERSEY zone.
16:12 of 3rd period - Icing by Alexander Radulov.
16:13 of 3rd period - Ryan Kesler wins face-off versus Auston Matthews in DALLAS zone.
16:52 of 3rd period - Shot by Nikita Zaitsev.
16:52 of 3rd period - Shot Blocked by Dion Phaneuf.
16:54 of 3rd period - Shot by Vladimir Sobotka.
16:54 of 3rd period - Stopped by Matt Murray without a rebound.
16:55 of 3rd period - Auston Matthews wins face-off versus Ryan Kesler in NEW JERSEY zone.
16:55 of 3rd period - Auston Matthews is hit by Dion Phaneuf.
18:18 of 3rd period - Icing by Derrick Pouliot.
18:19 of 3rd period - Ryan Kesler wins face-off versus Travis Konecny in DALLAS zone.
18:19 of 3rd period - Anders Lee is hit by Jakob Chychrun.
18:23 of 3rd period - Shot by Ryan Kesler.
18:23 of 3rd period - Stopped by Anders Lindback with a rebound.
18:42 of 3rd period - Shot by Patric Hornqvist.
18:42 of 3rd period - Shot Misses the Net.
18:46 of 3rd period - Shot by Patric Hornqvist.
18:46 of 3rd period - Stopped by Anders Lindback without a rebound.
18:47 of 3rd period - Auston Matthews wins face-off versus Mikael Granlund in DALLAS zone.
19:00 of 3rd period - DALLAS, Anders Lindback is pulled from the net.
19:02 of 3rd period - Shot by Alexander Radulov.
19:02 of 3rd period - Shot Misses the Net.
19:18 of 3rd period - Shot by Auston Matthews.
19:18 of 3rd period - Deflect By Alexander Radulov.
19:18 of 3rd period - Stopped by Matt Murray with a rebound.
19:26 of 3rd period - Shot by Mikael Granlund.
19:26 of 3rd period - Shot Misses the Net.
19:28 of 3rd period - Shot by Mikael Granlund.
19:28 of 3rd period - Shot Blocked by Nikita Zaitsev.
Goals for this period are 0 for NEW JERSEY vs 1 for DALLAS.
Shots for this period are 12 for NEW JERSEY vs 9 for DALLAS.